 Dungeon Crawl Stone Soup version 0.25.1-1-g288607f5aa (webtiles) character file.

Game seed: 5728314029970531826

4 Descartes the Sneak (level 1, -1/7 HPs)
             Began as a Felid Enchanter on July 26, 2020.
             Slain by a leopard gecko (2 damage)
             ... on level 1 of the Dungeon.
             The game lasted 00:00:36 (382 turns).

Descartes the Sneak (Felid Enchanter)                Turns: 382, Time: 00:00:37

Health: -1/7       AC:  1    Str:  4    XL:     1   Next: 58%
Magic:  4/4        EV: 18    Int: 16    God:
Gold:   37         SH:  0    Dex: 16    Spells: 3/4 levels left
                                        Lives:  0   Deaths: 0

rFire    . . .     SeeInvis +     - Unarmed
rCold    . . .     Gourm    .   (shield unavailable)
rNeg     . . .     Faith    .   (armour unavailable)
rPois    .         Spirit   .   (helmet unavailable)
rElec    .         Reflect  .   (cloak unavailable)
rCorr    .         Harm     .   (gloves unavailable)
MR       .....                  (boots unavailable)
Stlth    +++.......             (no amulet)
HPRegen  0.02/turn              (no ring)
MPRegen  0.09/turn              (no ring)

@: quick
A: very small, no armour, no weapons or thrown items, stealth, claws 1, fangs 3,
see invisible, carnivore, speed 1, shaggy fur 1, slow metabolism 1, sharp paws
a: no special abilities


You were on level 1 of the Dungeon.
You were full.

You visited 1 branch of the dungeon, and saw 1 of its levels.

You collected 37 gold pieces.

Inventory:

Jewellery
 c - an uncursed ring of magical power {unknown}
Scrolls
 a - a scroll of remove curse {unknown}
 e - a scroll of identify {unknown}
Potions
 d - a potion of cancellation {unknown}
Comestibles
 b - 3 rations


   Skills:
 - Level 2.6 Dodging
 + Level 4.5 Stealth
 - Level 1.0 Unarmed Combat
 - Level 2.0 Spellcasting
 - Level 4.4 Hexes


You had 3 spell levels left.
You knew the following spells:

 Your Spells              Type           Power        Failure   Level  Hunger
a - Corona                Hex            ###....      3%          1    #......

Your spell library contained the following spells:

 Spells                   Type           Power        Failure   Level  Hunger
 Confusing Touch          Hex            ###.....     11%         3    ###....
 Tukima's Dance           Hex            ###.....     11%         3    ###....
 Ensorcelled Hibernation  Hex/Ice        #.....       13%         2    ###....
 Dazzling Flash           Conj/Hex       #.....       26%         3    ###....


Dungeon Overview and Level Annotations

Branches:
Dungeon (1/15)

Altars:


Innate Abilities, Weirdness & Mutations

You cannot wear armour.
You are incapable of wielding weapons or throwing items.
Your paws allow you to move quietly. (Stealth)
You have sharp claws.
You have razor-sharp teeth.
You have supernaturally acute eyesight. (SInv)
You are carnivorous and can eat meat at any time.
You cover ground quickly.
You are covered in fur. (AC +1)
You have a slow metabolism.
Your sharp claws are effective at attacking unaware monsters.


Message History

Found a stone staircase leading down.
A leopard gecko comes into view.
Found 18 stones.
The leopard gecko misses you.
You closely miss the leopard gecko. The leopard gecko barely misses you.
You barely miss the leopard gecko. Your bite misses the leopard gecko.
The leopard gecko completely misses you.
You closely miss the leopard gecko. The leopard gecko bites you.
Ouch! That really hurt!
* * * LOW HITPOINT WARNING * * *
The leopard gecko bites you but does no damage.
You are too injured to fight recklessly!
You are too injured to fight recklessly!
You miss the leopard gecko. The leopard gecko misses you.
You closely miss the leopard gecko. The leopard gecko misses you.
You miss the leopard gecko. The leopard gecko bites you.
* * * LOW HITPOINT WARNING * * *
You closely miss the leopard gecko. The leopard gecko closely misses you.
You barely miss the leopard gecko. The leopard gecko bites you.
You die...

#. ....... #. ....... #.
....... #. ....... #.
....... #. .......
######l#.....(.
.......@.......
######..################
#.....>................
#.#####################
##


You could see a leopard gecko.

Vanquished Creatures
  A goblin (D:1)
  A hobgoblin (D:1)
  A bat (D:1)
  A frilled lizard (D:1)
  A rat (D:1)
5 creatures vanquished.

Notes
Turn   | Place    | Note
-------+----------+-------------------------------------------
     0 | D:1      | Descartes the Felid Enchanter began the quest for the Orb.
     0 | D:1      | Reached XP level 1. HP: 7/7 MP: 4/4
   382 | D:1      | Slain by a leopard gecko

Illustrated notes

Levels and vault maps discovered:
D:1:      minmay_arrival_hallway, layout_basic

Action                   || total
-------------------------++-------
Melee: Unarmed           ||    24
       Bite              ||     1
 Stab: Sleeping          ||     1
  Eat: Chunk             ||     3
Armor: Skin              ||     1
Dodge: Dodged            ||    16
